 Dungeon Crawl Stone Soup version 0.27.1-34-g3ba077fa99 (webtiles) character file.

Game seed: 17837671302194441703

2002 ticklebelly the Cleaver (level 9, -48/82 HPs)
             Began as a Minotaur Berserker on Jan 5, 2022.
             Was an Elder of Trog.
             Annihilated by a boulder beetle (52 damage)
             ... on level 6 of the Dungeon.
             The game lasted 00:12:09 (6178 turns).

ticklebelly the Cleaver (Minotaur Berserker)        Turns: 6178, Time: 00:12:10

Health: -48/82     AC: 10    Str: 26    XL:     9   Next: 2%
Magic:  8/8        EV:  9    Int:  4    God:    Trog [****..]
Gold:   260        SH:  0    Dex:  9    Spells: 8/8 levels left

rFire    . . .     SeeInvis .   u - +3 hand axe
rCold    . . .     Faith    .   (no shield)
rNeg     . . .     Spirit   .   t - +0 chain mail
rPois    .         Reflect  .   (helmet restricted)
rElec    .         Harm     .   (no cloak)
rCorr    .         Rampage  .   (no gloves)
Will     .....                  (no boots)
Stlth    ..........             (no amulet)
HPRegen  0.23/turn              (no ring)
MPRegen  0.11/turn              (no ring)

@: on berserk cooldown, slowed, very slow
A: horns 2, retaliatory headbutt
a: Renounce Religion, Berserk, Trog's Hand, Brothers in Arms


You were on level 6 of the Dungeon.
You worshipped Trog.
Trog was greatly pleased with you.
You visited 1 branch of the dungeon, and saw 7 of its levels.
You also visited: Sewer.

You collected 260 gold pieces.

Inventory:

Hand Weapons
 m - a +2 flail of venom
 u - a +3 hand axe (weapon)
Missiles
 o - 2 boomerangs (quivered)
Armour
 l - a +0 scale mail
 t - a +0 chain mail (worn)
 v - a +0 kite shield
Wands
 w - a wand of polymorph (5)
Scrolls
 c - 5 scrolls of teleportation {unknown}
 e - a scroll of fog {unknown}
 f - a scroll of silence {unknown}
 h - 2 scrolls of enchant weapon {unknown}
 i - 5 scrolls of identify {unknown}
 j - a scroll of amnesia {unknown}
 k - a scroll of blinking {unknown}
 q - a scroll of torment {unknown}
 r - 2 scrolls of magic mapping {unknown}
 x - a scroll of acquirement {unknown}
Potions
 a - 2 potions of cancellation {unknown}
 b - 2 potions of curing {unknown}
 d - 2 potions of attraction {unknown}
 g - a potion of lignification {unknown}
 n - 4 potions of magic {unknown}
 p - 3 potions of heal wounds {unknown}
 s - 2 potions of berserk rage {unknown}


   Skills:
 + Level 8.9 Fighting
 + Level 8.9 Axes
 + Level 7.6 Armour
 + Level 4.1 Dodging


You had 8 spell levels left.
You didn't know any spells.
Your spell library was empty.

Dungeon Overview and Level Annotations

Branches:
Dungeon (7/15)             Temple (0/1) D:4           Sewer (visited)

Altars:
Ashenzari
Makhleb
Okawaru
Ru
Wu Jian
Xom

Shops:
D:1 *


Innate Abilities, Weirdness & Mutations

You have a pair of horns on your head.
You reflexively headbutt those who attack you in melee.


Message History

You are too injured to fight recklessly!
Unknown command.
You are too injured to fight recklessly!
You slash the steam dragon!
You kill the steam dragon!
Trog accepts your kill.
You hit the boulder beetle but do no damage.
You are engulfed in a cloud of scalding steam.
The boulder beetle barely misses you.
Your Dodging skill increases to level 4!
You have reached level 9!
Your experience leads to an increase in your attributes!
Increase (S)trength, (I)ntelligence, or (D)exterity?
You feel stronger.
You slash the boulder beetle!
You headbutt the boulder beetle, but do no damage.
The boulder beetle is moderately wounded.
You are engulfed in a cloud of scalding steam.
The boulder beetle leaps!
The water moccasin hisses angrily.
You hear an angry hiss.
An orc opens the door.
You feel a strong urge to attack something.
The black bear growls angrily.
The adder hisses angrily.
You hit the boulder beetle but do no damage.
You headbutt the boulder beetle.
The boulder beetle is moderately wounded.
You are no longer berserk.
You are exhausted.
You feel yourself slow down. The boulder beetle bites you!!
* * * LOW HITPOINT WARNING * * *
You hit the boulder beetle but do no damage.
You headbutt the boulder beetle, but do no damage.
The boulder beetle is moderately wounded.
The boulder beetle bites you!
* * * LOW HITPOINT WARNING * * *
A centaur skeleton comes into view.
The boulder beetle curls into a ball and begins rolling!
The orc misses you. The boulder beetle hits you!!!
Ouch! That really hurt!
You die...

..#.............####
.##..........##....#######
###........#######.#.....#
# #...######.....#.#.....#
# #...# ...'.#.#.#.#.....#
# ##..# #....°#.#.....# #
##.# #.#.#○#.#.....## #
#..# .#..†oB#.>.......
####..# ######@##..<...##
......# Wh#......#.######
...##)##.S #.#..#.#.###
##.##.##.
#......#...########
#.##.##
#......#........... #.##.#
..#.#..#.#.........##
#....#
..#...†..#...........
#.....
########.#.##########
#..... #...#


You could see a boulder beetle (rolling) and an orc.

Vanquished Creatures
  The ghost of Vylera the Slasher, an amateur DjGl (D:5)
  A steam dragon (D:6)
  A water moccasin (D:7)
  2 ogres
  A black bear (D:5)
  A centaur (D:7)
  A kobold brigand (D:7)
  2 bullfrogs
  Blork the orc (D:5)
  A water moccasin zombie (D:5)
  5 wights (D:5)
  A jelly (D:5)
  8 hounds
  A gnoll shaman (D:7)
  2 bullfrog skeletons (D:5)
  Ijyb (D:5)
  An iguana (D:4)
  A killer bee zombie (D:5)
  2 hound skeletons (D:4)
  2 howler monkey zombies
  4 gnolls (D:7)
  8 adders
  A shadow imp (D:7)
  A white imp (D:5)
  2 ufetubi
  An adder skeleton (D:4)
  An adder zombie (D:5)
  2 worms
  6 dart slugs
  5 orcs
  2 bats (D:1)
  5 endoplasms
  5 giant cockroaches
  11 goblins
  8 hobgoblins
  3 jackals (D:1)
  7 kobolds
  5 quokkas
  9 ball pythons
  18 frilled lizards
  8 rats
148 creatures vanquished.

Vanquished Creatures (others)
  A dart slug (D:3)
  2 orcs (D:3)
  A giant cockroach (D:3)
  A quokka (D:3)
  2 rats (D:3)
  7 plants (D:4)
14 creatures vanquished.

Grand Total: 162 creatures vanquished

Notes
Turn   | Place    | Note
-------+----------+-------------------------------------------
     0 | D:1      | ticklebelly the Minotaur Berserker began the quest for the
                  | Orb.
     0 | D:1      | Reached XP level 1. HP: 19/19 MP: 0/0
   265 | D:1      | Reached XP level 2. HP: 25/27 MP: 1/1
   362 | D:1      | Found a faded altar of an unknown god.
   487 | D:1      | Found Sygeyso's Assorted Antiques.
  1053 | D:2      | Reached XP level 3. HP: 29/34 MP: 2/2
  1093 | D:2      | Found a burning altar of Makhleb.
  1126 | D:2      | Reached ** piety under Trog
  1533 | D:2      | Reached XP level 4. HP: 39/41 MP: 3/3
  1684 | D:3      | Reached skill level 5 in Fighting
  1760 | D:3      | Found a shimmering altar of Xom.
  1765 | D:3      | Reached skill level 5 in Axes
  2567 | D:4      | Reached XP level 5. HP: 33/48 MP: 4/4
  2567 | D:4      | Reached *** piety under Trog
  2702 | D:4      | Found a broken altar of Ashenzari.
  2750 | D:4      | Noticed an ogre
  2761 | D:4      | Killed an ogre
  2869 | D:4      | Found a staircase to the Ecumenical Temple.
  3038 | D:4      | Found a sacrificial altar of Ru.
  3073 | D:4      | Found an iron altar of Okawaru.
  3102 | D:4      | Found an ornate altar of the Wu Jian Council.
  3542 | D:4      | Reached XP level 6. HP: 54/57 MP: 5/5
  3606 | D:4      | You fall into a shaft and drop 3 floors!
  3632 | D:7      | Noticed a water moccasin
  3653 | D:7      | Killed a water moccasin
  3971 | D:7      | Reached skill level 5 in Armour
  3971 | D:7      | Reached XP level 7. HP: 36/64 MP: 6/6
  4132 | D:5      | Entered Level 5 of the Dungeon
  4144 | D:5      | HP: 4/94 [wight (2)]
  4469 | D:5      | Noticed Blork the orc
  4477 | D:5      | Killed Blork the orc
  4484 | D:5      | Found a glowing drain.
  4497 | Sewer    | Entered a sewer
  4595 | Sewer    | Reached XP level 8. HP: 71/72 MP: 7/7
  4762 | Sewer    | Reached **** piety under Trog
  5099 | D:5      | Identified the +2 leather armour of Time Monsters {rC+++
                  | rCorr Str-4}
  5118 | D:5      | Noticed Ijyb
  5126 | D:5      | Killed Ijyb
  5648 | D:5      | Found a runed translucent gate.
  5648 | D:5      | Found a runed translucent gate.
  5657 | D:5      | Found a runed translucent gate.
  5660 | D:5      | Noticed Vylera's ghost (amateur DjGl)
  5674 | D:5      | Killed Vylera's ghost
  6156 | D:6      | Noticed a boulder beetle
  6171 | D:6      | Reached XP level 9. HP: 54/82 MP: 8/8
  6175 | D:6      | HP: 3/82 [boulder beetle (8)]
  6178 | D:6      | Annihilated by a boulder beetle

Illustrated notes

Levels and vault maps discovered:
D:1:      lemuel_arrival_funnel, layout_loops_ring, serial_shops,
          nicolae_shop_stone, ebering_ecumenical_altar_mist,
          chequers_serial_rivers_room_b
D:2:      layout_basic, basic_altar
D:3:      layout_basic, xom_confusion_cloud, chequers_serial_rivers_marsh,
          kennysheep_generic_room_15
D:4:      layout_basic, minitemple, kennysheep_mini_moat,
          cheibrodos_ashenzari_chains, minmay_temple_entry_mini_moons,
          minmay_lizard_king
D:5:      layout_basic, portal_sewer_entry_a, gammafunk_ghost_necromancy,
          minmay_strange_pillars, uniq_ijyb, uniq_blork_the_orc
D:6:      minmay_clustersquares, layout_rooms, st_stairs_10,
          grunt_decor_fettered, minmay_door_square
D:7:      layout_cave_pods, hellmonk_bongcloud_opening

Skill      XL: |  1  2  3  4  5  6  7  8 |
---------------+-------------------------+-----
Fighting       | 4 5 6 7 8 |  8.9
Axes           | 4 5 6 7 8 |  8.9
Armour         | 3 5 6 7 |  7.6
Dodging        | 4 |  4.1

Action                   |  1- 3 |  4- 6 |  7- 9 || total
-------------------------+-------+-------+-------++-------
Melee: Hand axe          |    63 |   144 |   170 ||   377
       Headbutt          |     8 |    23 |    28 ||    59
Throw: Boomerang         |       |       |    17 ||    17
Invok: Berserk           |     1 |     2 |     3 ||     6
       Trog's Hand       |       |     2 |     1 ||     3
Armor: Animal skin       |     8 |       |       ||     8
       Scale mail        |     2 |    40 |       ||    42
       Chain mail        |       |    37 |    73 ||   110
Dodge: Dodged            |    44 |    80 |    60 ||   184
